 Dungeon Crawl Stone Soup version 0.29.1-2-gbd0b4ee654 (webtiles) character file.

Game seed: 7454392621464502021

789 Icepheonix32 the Insei (level 7, -3/38 (43) HPs)
             Began as an Octopode Transmuter on Nov 20, 2022.
             Slain by a wight
             ... wielding a +1 mace
              (5 damage)
             ... on level 4 of the Dungeon.
             The game lasted 00:05:39 (4938 turns).

Icepheonix32 the Insei (Octopode Transmuter)        Turns: 4938, Time: 00:05:40

HP:   -3/38 (43)    AC:  1    Str:  8    XL:     7   Next: 87%
MP:   9/10          EV: 15    Int: 15    God:
Gold: 81            SH:  0    Dex: 17    Spells: 4/10 levels left

rFire   + . .      SeeInvis .     - Unarmed
rCold   x . .      Faith    .   (no shield)
rNeg    . . .      Spirit   .   (helmet currently unavailable)
rPois   .          Reflect  .   p - amulet "Paihauf" {Acrobat Will+ rCorr Str-4 Dex+5}
rElec   .          Harm     .   f - ring of fire
rCorr   +          Rampage  .   (no ring)
Will    +....                   (no ring)
Stlth   +++.......              (no ring)
HPRegen 0.12/turn               (no ring)
MPRegen 0.12/turn               (no ring)
                                (no ring)
                                (no ring)

@: appendages, heavily drained
A: tentacle spike 3, almost no armour, amphibious, 8 rings, camouflage 1,
gelatinous body 1, (nimble swimmer 1), tentacles
a: End Transformation


You were on level 4 of the Dungeon.
One of your tentacles had grown a beastly spike.
You visited 1 branch of the dungeon, and saw 4 of its levels.

You collected 227 gold pieces.
You spent 146 gold pieces at shops.

Inventory:

Armour
 r - a +0 hat (melded)
Jewellery
 f - a ring of fire (left tentacle)
 p - the amulet "Paihauf" (around mantle) {Acrobat Will+ rCorr Str-4 Dex+5}
   (You found it on level 3 of the Dungeon)

   [amulet of the acrobat]

   It increases your evasion while moving and waiting.
   Str:       It affects your strength (-4).
   Dex:       It affects your dexterity (+5).
   rCorr:     It protects you from acid and corrosion.
   Will:      It increases your willpower.
Scrolls
 b - a scroll of immolation {unknown}
 d - 3 scrolls of teleportation
 g - a scroll of amnesia {unknown}
 i - a scroll of blinking {unknown}
 j - a scroll of acquirement {unknown}
 k - 2 scrolls of enchant weapon {unknown}
 l - a scroll of enchant armour {unknown}
 m - a scroll of butterflies
 n - 2 scrolls of fear
 o - a scroll of magic mapping
 q - a scroll of noise {unknown}
Potions
 a - 2 potions of lignification
 c - 4 potions of degeneration
 e - 2 potions of ambrosia {unknown}
 h - a potion of magic {unknown}
 s - a potion of heal wounds {unknown}
 t - a potion of flight


   Skills:
 - Level 1.0 Fighting
 * Level 5.3 Dodging
 + Level 6.3 Unarmed Combat
 - Level 2.0 Spellcasting
 + Level 4.3 Transmutations
 + Level 0.1 Poison Magic


You had 4 spell levels left.
You knew the following spells:

 Your Spells              Type           Power      Damage    Failure   Level
a - Beastly Appendage     Tmut           28%        N/A       3%          1
b - Spider Form           Tmut/Pois      8%         N/A       26%         3
c - Wereblood             Tmut           14%        N/A       6%          2

Your spell library contained the following spells:

 Spells                   Type           Power      Damage    Failure   Level
 Slow                     Hex            4%         N/A       22%         1
 Ice Form                 Ice/Tmut       7%         N/A       67%         4


Dungeon Overview and Level Annotations

Branches:
Dungeon (4/15)
 Temple: D:4-7

Altars:
Kikubaaqudgha
Sif Muna

Shops:
D:3 ?([   D:4 *


Innate Abilities, Weirdness & Mutations

One of your tentacles has grown a beastly spike.
You cannot wear most types of armour.
You are amphibious.
You can wear up to eight rings at the same time.
Your skin changes colour to match your surroundings (Stealth+).
Your rubbery body absorbs attacks. (AC +1, EV +1)
((You are camouflaged when in or above water. (Stealth+)))
You have tentacles for arms and can constrict up to eight enemies at once.


Message History

a +3 morningstar; a +0 robe
There is an open door here.
Things that are here:
a +2 hand axe; a +0 robe
There is an open door here.
Things that are here:
a +2 hand axe; a +0 robe
There is an open door, spattered with blood here.
Things that are here:
a +0 hand axe of flaming; a +0 robe
There is an open door, spattered with blood here.
There is an open door here.
Things that are here:
a +2 hand axe; a +0 robe
u - a +2 hand axe You drop a +2 hand axe.
Things that are here:
a +0 robe; a +1 dagger You open the door.
A wight comes into view. It is wielding a +1 mace.
One of your tentacles grows a vicious spike.
Your +0 hat melds into your body.
The wight hits you with a +1 mace!
You feel drained.
You barely miss the wight. Your grab misses the wight. You squeeze the wight.
The wight is moderately damaged.
You tentacle-slap the wight but do no damage.
Your grab misses the wight.
You pierce the wight, but do no damage.
You squeeze the wight.
The wight is heavily damaged.
The wight hits you with a +1 mace!
You feel drained.
You are too injured to fight recklessly!
You are too injured to fight recklessly!
You are too injured to fight recklessly!
You closely miss the wight. You grab the wight.
The wight is heavily damaged.
You constrict the wight, but do no damage.
The wight hits you with a +1 mace!
* * * LOW HITPOINT WARNING * * *
You feel drained.
You die...

...#
###.##########.#
...#
#.'.')#........#
.....
###.############
#.#.## #.).).# .#...
###.### #.#..#
#######.'.'.# #.#..#
#....####.### #.#..#
#....##_'['.#
#.#..###....####@###
#...........+ +.z.#
+...........# #.###
#...##.#....# +.+
#...##.#....######
....##......#...#
....###.....#..#####
.######.#+##....^...
.....##.#.##.#######


You could see a wight.

Vanquished Creatures
  A phantom (D:4)
  A necrophage (D:4)
  A water moccasin zombie (D:4)
  2 scorpions (D:4)
  4 wights (D:4)
  A hound (D:4)
  A human zombie (D:4)
  An orc wizard (D:4)
  A mummy (D:4)
  4 gnolls (D:4)
  6 adders
  A worm (D:4)
  4 dart slugs
  An orc (D:4)
  4 endoplasms
  3 giant cockroaches
  5 goblins
  7 hobgoblins
  2 jackals (D:2)
  8 kobolds
  3 quokkas
  5 ball pythons
  5 bats
  4 frilled lizards
  A rat (D:1)
76 creatures vanquished.

Vanquished Creatures (others)
  An orc wizard (D:4)
1 creature vanquished.

Grand Total: 77 creatures vanquished

Notes
Turn   | Place    | Note
-------+----------+-------------------------------------------
     0 | D:1      | Icepheonix32 the Octopode Transmuter began the quest for
                  | the Orb.
     0 | D:1      | Reached XP level 1. HP: 13/13 MP: 3/3
   176 | D:1      | Reached XP level 2. HP: 8/18 MP: 3/5
   803 | D:1      | Reached XP level 3. HP: 23/23 MP: 4/6
   825 | D:1      | Found a faded altar of an unknown god.
  1447 | D:2      | Learned a level 3 spell: Spider Form
  1450 | D:2      | Learned a level 2 spell: Wereblood
  2193 | D:3      | Found Fotaog's Magic Scroll Shop.
  2201 | D:3      | Bought a scroll of fear for 44 gold pieces
  2201 | D:3      | Bought a scroll of magic mapping for 82 gold pieces
  2212 | D:3      | Reached skill level 4 in Unarmed Combat
  2214 | D:3      | Identified the amulet "Paihauf" {Acrobat Will+ rCorr Str-4
                  | Dex+5}
  2297 | D:3      | Reached XP level 4. HP: 28/28 MP: 5/7
  2383 | D:3      | Found Revustit's Armour Emporium.
  2471 | D:3      | Found Nuvoymad's Weapon Shop.
  3027 | D:4      | Noticed a scorpion
  3034 | D:4      | Killed a scorpion
  3035 | D:4      | Reached XP level 5. HP: 20/33 MP: 6/8
  3163 | D:4      | Found Doatup's General Store.
  3172 | D:4      | Bought a scroll of identify for 20 gold pieces
  3187 | D:4      | Found a shimmering blue altar of Sif Muna.
  3463 | D:4      | Reached XP level 6. HP: 38/38 MP: 7/9
  3566 | D:4      | Reached skill level 5 in Unarmed Combat
  4039 | D:4      | Noticed a black bear
  4107 | D:4      | Got Sif Muna's Verses on Hexes
  4585 | D:4      | Reached XP level 7. HP: 38/43 MP: 8/10
  4608 | D:4      | Reached skill level 5 in Dodging
  4615 | D:4      | Reached skill level 6 in Unarmed Combat
  4625 | D:4      | Found an ancient bone altar of Kikubaaqudgha.
  4938 | D:4      | Slain by a wight

Illustrated notes

Levels and vault maps discovered:
D:1:      heliophobic_arrival_enchanted_forest, layout_rooms,
          shapermc_ecumenical_altar_venn
D:2:      layout_basic
D:3:      layout_loops_ring, serial_shops, nicolae_shop_crystal, shop,
          shop_fountains, chequers_serial_rivers_large_a
D:4:      layout_basic, lemuel_mausoleum_altar_kikubaaqudgha, led_sif_book,
          serial_shops, shop, minmay_misc_feat_enclosed

Skill      XL: |  1  2  3  4  5  6  7 |
---------------+----------------------+-----
Unarmed Combat | 4 5 6 |  6.3
Dodging        | 3 4 5 |  5.3
Transmutations | 3 4 |  4.3
Fighting       | |  1.0
Spellcasting   | |  2.0
Poison Magic   | |  0.1

Action                   |  1- 3 |  4- 6 |  7- 9 || total
-------------------------+-------+-------+-------++-------
Melee: Unarmed           |    76 |   100 |    31 ||   207
       Constrict         |    21 |    16 |     8 ||    45
       Kick              |    13 |    20 |    12 ||    45
       Tentacles         |    15 |    12 |    12 ||    39
       Punch             |     3 |     5 |     1 ||     9
 Cast: Beastly Appendage |    21 |    17 |     2 ||    40
       Spider Form       |       |     3 |       ||     3
       Wereblood         |       |     1 |     1 ||     2
  Use: Scroll            |     3 |     4 |       ||     7
       Potion            |       |     3 |       ||     3
 Stab: Sleeping          |     5 |     6 |       ||    11
       Distracted        |     1 |       |       ||     1
Armor: Skin              |     5 |     2 |       ||     7
Dodge: Dodged            |    54 |    91 |    19 ||   164
